 Dungeon Crawl Stone Soup version 0.21.1-1-g345015f (webtiles) character file.

517 Mirai the Chopper (level 7, 0/55 HPs)
             Began as a Demonspawn Berserker on Feb 7, 2018.
             Was a Priest of Trog.
             Succumbed to a scorpion's poison
             ... on level 4 of the Dungeon.
             The game lasted 00:11:19 (3254 turns).

Mirai the Chopper (Demonspawn Berserker)            Turns: 3254, Time: 00:11:19

Health: 0/55       AC:  5    Str: 19    XL:     7   Next: 0%
Magic:  7/7        EV: 12    Int:  9    God:    Trog [***...]
Gold:   162        SH:  0    Dex: 12    Spells: 6/6 levels left

rFire    . . .     SeeInvis .   a - +1 hand axe
rCold    . . .     Gourm    .   (no shield)
rNeg     . . .     Faith    .   h - +0 robe (curse)
rPois    .         Spirit   .   (no helmet)
rElec    .         Reflect  .   (no cloak)
rCorr    .         Harm     .   E - +0 pair of gloves
MR       .....                  (no boots)
Stlth    ++........             (no amulet)
HPRegen  0.18/turn              (no ring)
MPRegen  0.10/turn              (no ring)

@: lethally poisoned (0 -> -11), berserk cooldown, slowed, very slow
A: hooves 1, iridescent scales 1, nightstalker 1, powered by death 1
a: Berserk, Trog's Hand, Burn Spellbooks, Renounce Religion


You were on level 4 of the Dungeon.
You worshipped Trog.
Trog was most pleased with you.
You were very hungry.

You visited 1 branch of the dungeon, and saw 4 of its levels.

You collected 162 gold pieces.

Inventory:

Hand Weapons
 a - a +1 hand axe (weapon)
 f - a +0 scythe
 l - a +0 hunting sling
 q - a +0 spear
Armour
 b - a +0 animal skin
 d - a +0 robe
 e - a +0 scale mail
 g - a +0 ring mail
 h - a cursed +0 robe (worn)
 k - a +0 robe
 o - a +0 ring mail
 s - a +0 ring mail
 u - a +0 ring mail
 v - a +0 leather armour
 B - a +0 chain mail
 D - a +1 chain mail
 E - a +0 pair of gloves (worn)
 F - a +0 robe
Wands
 x - a wand of digging (12)
 y - a wand of scattershot (6)
 C - a wand of paralysis (22)
Scrolls
 j - a scroll of magic mapping
 m - 2 scrolls of identify
 n - a scroll of enchant armour
Potions
 i - 2 potions of heal wounds
 p - a potion of brilliance {unknown}
 r - a potion of curing {unknown}
 t - a potion of resistance
 w - a potion of invisibility {unknown}
 z - a potion of mutation {unknown}
Comestibles
 c - 8 rations
 A - 2 chunks of flesh


   Skills:
 + Level 4.9 Fighting
 + Level 5.8 Axes
 + Level 2.3 Armour
 - Level 1.7 Dodging
 * Level 1.5 Stealth


You had 6 spell levels left.
You didn't know any spells.

Dungeon Overview and Level Annotations

Branches:
Dungeon (4/15)
 Temple: D:4-7

Altars:


Innate Abilities, Weirdness & Mutations

You have large cloven feet.
You are partially covered in iridescent scales. (AC +2)
You are slightly more attuned to the shadows.
You regenerate a little health from kills.


Message History

You are too berserk!
You are too berserk!
Unknown command.
* * * LOW HITPOINT WARNING * * *
You feel sick.
You are too berserk!
You feel a strong urge to attack something.
* * * LOW HITPOINT WARNING * * *
You feel sick.
* * * LOW HITPOINT WARNING * * *
You feel sick.
Found a chain mail.
You feel your anger nearly subside.
You are no longer berserk.
You are exhausted.
You feel yourself slow down.
* * * LOW HITPOINT WARNING * * *
You feel sick.
* * * LOW HITPOINT WARNING * * *
You feel sick.
You die...

..#[ #.......#
.#.... #.......# .#.
...#.# #......# ....
..# #.## #.......
.....
#.###..###...###.
?.... #.##....###.##
##
.....##....#......#
......#.####.....##
......@.# #...#.#
.......## #..#### #
.###.#.#####..#
#######
####......####...#..
#.#####....#####.
#.# #.##.# ## ###
######


There were no monsters in sight!

Vanquished Creatures
  Sigmund (D:2)
  A scorpion (D:4)
  3 orc wizards (D:4)
  Ijyb (D:3)
  A worker ant (D:4)
  3 gnolls (D:3)
  3 adders
  An ooze (D:1)
  7 dart slugs
  5 worms
  4 leopard geckos
  2 orcs
  9 bats
  2 giant cockroaches
  5 goblins
  11 hobgoblins
  7 jackals
  5 kobolds
  A quokka (D:3)
  A ball python (D:1)
  3 frilled lizards
  A leopard gecko skeleton (D:4)
  9 rats
86 creatures vanquished.

Notes
Turn   | Place    | Note
-------+----------+-------------------------------------------
     0 | D:1      | Mirai the Demonspawn Berserker began the quest for the Orb.
     0 | D:1      | Reached XP level 1. HP: 18/18 MP: 1/1
    49 | D:1      | HP: 1/27 [ball python (1)]
   382 | D:1      | Gained mutation: You are partially covered in iridescent scales. (AC +2) [demonic ancestry]
   382 | D:1      | Reached XP level 2. HP: 11/24 MP: 2/2
   388 | D:1      | Reached skill level 3 in Axes
   767 | D:1      | Reached XP level 3. HP: 28/29 MP: 3/3
   882 | D:1      | Reached ** piety under Trog
  1199 | D:2      | Noticed Sigmund
  1239 | D:2      | Killed Sigmund
  1239 | D:2      | Reached skill level 4 in Axes
  1239 | D:2      | Gained mutation: You have large cloven feet. [demonic ancestry]
  1239 | D:2      | Reached XP level 4. HP: 37/37 MP: 4/4
  1239 | D:2      | Gained mutation: You regenerate a little health from kills. [demonic ancestry]
  1239 | D:2      | Reached XP level 5. HP: 42/42 MP: 5/5
  1934 | D:2      | You fall through a shaft for 2 floors!
  1970 | D:4      | Reached skill level 5 in Axes
  2038 | D:4      | Gained mutation: You are slightly more attuned to the shadows. [demonic ancestry]
  2038 | D:4      | Reached XP level 6. HP: 49/49 MP: 6/6
  2245 | D:3      | Reached *** piety under Trog
  2721 | D:3      | Noticed Ijyb
  2732 | D:3      | Killed Ijyb
  2835 | D:3      | Reached skill level 1 in Stealth
  3248 | D:4      | Reached XP level 7. HP: 9/55 MP: 7/7
  3253 | D:4      | HP: 1/55 [poisoned by a scorpion]
  3254 | D:4      | Succumbed to a scorpion's poison

Skill      XL: |  1  2  3  4  5  6 |
---------------+-------------------+-----
Axes           | 3 4 5 |  5.8
Fighting       | 4 |  4.9
Armour         | 2 |  2.3
Stealth        | 1 |  1.5
Dodging        | |  1.7

Action                   |  1- 3 |  4- 6 |  7- 9 || total
-------------------------+-------+-------+-------++-------
Melee: Hand axe          |   102 |   153 |       ||   255
       Kick              |       |    36 |       ||    36
Invok: Berserk           |     2 |     5 |       ||     7
  Use: Potion            |     2 |       |       ||     2
       Scroll            |       |     8 |       ||     8
 Stab: Sleeping          |       |     4 |       ||     4
  Eat: Chunk             |     2 |    11 |       ||    13
Armor: Robe              |    36 |    28 |       ||    64
       Animal skin       |     1 |       |       ||     1
       Ring mail         |     5 |     2 |       ||     7
Dodge: Dodged            |    90 |    75 |       ||   165
